 Dungeon Crawl Stone Soup version 0.29-a0-334-gb41bcbb86e (webtiles) character file.

Game seed: 9560022016649995531

132 solidslater the Chopper (level 5, 0/47 HPs)
             Began as a Hill Orc Monk on Apr 15, 2022.
             Slain by Ijyb
             ... wielding a +0 dagger
              (5 damage)
             ... on level 4 of the Dungeon.
             The game lasted 00:11:15 (3915 turns).

solidslater the Chopper (Hill Orc Monk)             Turns: 3915, Time: 00:11:16

Health: 0/47       AC:  5    Str: 16    XL:     5   Next: 15%
Magic:  5/5        EV: 11    Int: 10    God:
Gold:   209        SH:  0    Dex: 13    Spells: 4/4 levels left

rFire   . . .      SeeInvis .   g - +0 glaive
rCold   . . .      Faith    .   (shield currently unavailable)
rNeg    . . .      Spirit   .   k - +0 ring mail
rPois   .          Reflect  .   (no helmet)
rElec   .          Harm     .   (no cloak)
rCorr   .          Rampage  .   (no gloves)
Will    .....                   (no boots)
Stlth   +.........              q - amulet of the acrobat
HPRegen 0.15/turn               (no ring)
MPRegen 0.09/turn               (no ring)

@: no status effects
A: no striking features
a: no special abilities


You were on level 4 of the Dungeon.
You visited 1 branch of the dungeon, and saw 4 of its levels.

You collected 209 gold pieces.

Inventory:

Hand Weapons
 g - a +0 glaive (weapon)
Armour
 k - a +0 ring mail (worn)
Jewellery
 q - an amulet of the acrobat (around neck)
Scrolls
 h - a scroll of vulnerability
 j - 2 scrolls of teleportation
 r - a scroll of immolation {unknown}
Potions
 b - a potion of curing
 c - a potion of ambrosia
 d - a potion of lignification
 e - a potion of resistance
 f - 2 potions of might
 n - 2 potions of degeneration


   Skills:
 + Level 4.5 Fighting
 - Level 5.4 Axes
 + Level 2.2 Armour
 + Level 2.9 Dodging
 + Level 1.8 Stealth


You had 4 spell levels left.
You didn't know any spells.
Your spell library was empty.

Dungeon Overview and Level Annotations

Branches:
Dungeon (4/15)
 Temple: D:4-7

Altars:

Annotations:
D:4 Ijyb


Message History

You feel a little less clever now.
HP restored.
Ijyb the Twisted Goblin comes into view.
She is wielding a +0 dagger and carrying a wand of mindburst (18).
Ijyb shouts!
Found a stone staircase leading down.
Ijyb drinks a potion.
Ijyb seems to speed up.
Found an escape hatch in the ceiling.
Ijyb zaps a wand.
You barely resist. You hit Ijyb.
Ijyb is moderately wounded.
Ijyb zaps a wand.
Your mind is blasted!
Ijyb barely misses you.
You hit Ijyb but do no damage.
Ijyb is moderately wounded.
Ijyb hits you with a +0 dagger. x2
You slash Ijyb!
Ijyb is heavily wounded.
Ijyb zaps a wand.
You barely resist. Ijyb hits you with a +0 dagger. Ijyb closely misses you.
You barely miss Ijyb.
Ijyb is heavily wounded.
Ijyb zaps a wand.
You barely resist. Ijyb hits you but does no damage.
You barely miss Ijyb.
Ijyb is heavily wounded.
Ijyb hits you with a +0 dagger. x2
You hit Ijyb.
Ijyb is severely wounded.
Ijyb zaps a wand.
You barely resist. Ijyb hits you with a +0 dagger.
Ijyb zaps a wand.
Your mind is blasted!
* * * LOW HITPOINT WARNING * * *
You hit Ijyb.
Ijyb is almost dead.
Ijyb hits you with a +0 dagger.
* * * LOW HITPOINT WARNING * * *
Ijyb hits you with a +0 dagger.
* * * LOW HITPOINT WARNING * * *
You closely miss Ijyb.
Ijyb is almost dead.
Ijyb grins evilly.
Ijyb zaps a wand.
You barely resist. Ijyb hits you with a +0 dagger.
You die...

#......###...######... .#..
#........##....#............
##..#..#.#####..... ........
#######..# ..... ....##.
####.## ...<. ...# ##
#.....# ##..... ... ##
#....###....... .. ##.
##.#...#....... #..
####..@....... ...#
##.g....#.. ...# #.....###
... ......## ... ...#>..#
.... ##..#.... ....
##......# .... # .....# ....
....


You could see Ijyb (fast).

Vanquished Creatures
  8 adders
  2 worms (D:2)
  A dart slug (D:2)
  5 endoplasms
  A giant cockroach (D:4)
  6 goblins
  3 hobgoblins
  9 kobolds
  3 quokkas
  7 ball pythons
  3 bats
  3 frilled lizards
  4 rats
55 creatures vanquished.

Vanquished Creatures (others)
  2 plants (D:2)
2 creatures vanquished.

Grand Total: 57 creatures vanquished

Notes
Turn   | Place    | Note
-------+----------+-------------------------------------------
     0 | D:1      | solidslater the Hill Orc Monk began the quest for the Orb.
     0 | D:1      | Reached XP level 1. HP: 19/19 MP: 1/1
   287 | D:1      | Reached XP level 2. HP: 24/27 MP: 2/2
  1180 | D:2      | Reached XP level 3. HP: 21/33 MP: 3/3
  1289 | D:2      | Found a faded altar of an unknown god.
  1659 | D:2      | Reached skill level 1 in Armour
  1824 | D:2      | Reached XP level 4. HP: 13/41 MP: 4/4
  2524 | D:3      | Reached skill level 5 in Axes
  3338 | D:3      | Reached XP level 5. HP: 45/47 MP: 5/5
  3902 | D:4      | Noticed Ijyb
  3915 | D:4      | Slain by Ijyb

Illustrated notes

Levels and vault maps discovered:
D:1:      dpeg_arrival_long_road, layout_rooms
D:2:      layout_basic, hellmonk_ecumenical_altar_pennies_from_heaven,
          serial_forest, infiniplex_forest_diagonal,
          infiniplex_forest_clump_diagonal, infiniplex_forest_clump_tiny,
          infiniplex_forest_clump_small, infiniplex_forest_corner_2,
          infiniplex_forest_clump_small, infiniplex_forest_end_2, minmay_3d_cube
D:3:      layout_basic
D:4:      layout_cave_pools, uniq_ijyb

Skill      XL: |  1  2  3  4 |
---------------+-------------+-----
Fighting       | 4 |  4.5
Armour         | 1 2 |  2.2
Axes           | 5 |  5.4
Dodging        | |  2.9
Stealth        | |  1.8

Action                   |  1- 3 |  4- 6 || total
-------------------------+-------+-------++-------
Melee: Hand axe          |   109 |   115 ||   224
       Punch             |     1 |     1 ||     2
       Glaive            |       |     8 ||     8
  Use: Scroll            |     3 |     6 ||     9
       Potion            |       |     5 ||     5
 Stab: Sleeping          |     1 |       ||     1
Armor: Robe              |    15 |       ||    15
       Ring mail         |    23 |    47 ||    70
Dodge: Dodged            |    95 |    80 ||   175

Table legend: (Time is in decaauts)
 A = Elapsed time spent in this place.
 B = Non-inter-level travel time spent in this place.
 C = Inter-level travel time spent in this place.
 D = Time resting spent in this place.
 E = Time spent auto-exploring this place.
 F = Levels seen in this place.
 G = Mean time per level.
                   A        B        C        D        E       F      G
               +--------+--------+--------+--------+--------+-----+--------+
         Total |   3933 |   3881 |     52 |      0 |   2908 |   4 |  983.2 |
       Dungeon |   3933 |   3881 |     52 |      0 |   2908 |   4 |  983.2 |
               +--------+--------+--------+--------+--------+-----+--------+

Top non-repeatable levels by time:
     D:2: 1462 daAuts
     D:3: 1202 daAuts
     D:1: 1019 daAuts
     D:4: 249 daAuts
